 Dungeon Crawl Stone Soup version 0.19-a0-376-gf780d9b (webtiles) character file.

174 mistymad the Sneak (level 5, -7/38 HPs)
             Began as a Vampire Enchanter on May 30, 2016.
             Killed by divine providence
             ... invoked by an orc priest
              (14 damage)
             ... on level 3 of the Dungeon.
             The game lasted 00:06:59 (3050 turns).

mistymad the Sneak (Vampire Enchanter)              Turns: 3050, Time: 00:07:01

Health: -7/38      AC:  4    Str:  7    XL:     5   Next: 28%
Magic:  1/8        EV: 13    Int: 17    God:
Gold:   100        SH:  0    Dex: 16    Spells: 4 memorised, 0 levels left

rFire  . . .     SeeInvis +     a - +1 dagger
rCold  + . .     Gourm    .     b - +1 robe
rNeg   + + .     Faith    .     (no shield)
rPois  +         Spirit   .     (no helmet)
rElec  .         Dismiss  .     (no cloak)
rCorr  .         Reflect  .     h - +0 pair of gloves
SustAt .         Harm     .     (no boots)
MR     .....                    (no amulet)
Stlth  ++++......               (no ring)
                                (no ring)

@: regenerating slowly, not resistant to hostile enchantments, stealthy
A: fangs 3, see invisible, unbreathing
a: Bat Form


You were on level 3 of the Dungeon.
You were thirsty.

You visited 1 branch of the dungeon, and saw 3 of its levels.

You collected 100 gold pieces.

Inventory:

Hand Weapons
 a - a +1 dagger (weapon)
Armour
 b - a +1 robe (worn)
 h - a +0 pair of gloves (worn)
Jewellery
 i - an uncursed ring of flight {unknown}
 j - an uncursed ring of ice {unknown}
Wands
 k - a wand of acid (11/15)
 l - a wand of teleportation (3/9)
Scrolls
 e - a scroll of remove curse {unknown}
 g - a scroll of identify {unknown}
 m - 2 scrolls of recharging {unknown}
Potions
 d - 7 potions of blood
 n - a potion of agility {unknown}
 o - 2 potions of lignification {unknown}
 p - a potion of brilliance {unknown}
 q - a potion of invisibility {unknown}
Books
 c - a book of Maledictions

   Spells                             Type                      Level
   a - Corona                         Hexes                        1
   b - Ensorcelled Hibernation        Hexes/Ice                    2
   c - Confuse                        Hexes                        3
   d - Tukima's Dance                 Hexes                        3
   e - Dazzling Spray                 Conjuration/Hexes            3


   Skills:
 * Level 2.1 Fighting
 + Level 2.4 Short Blades
 + Level 2.9 Dodging
 + Level 5.6 Stealth
 + Level 2.5 Spellcasting
 + Level 5.1 Hexes


You couldn't memorise any spells.
You knew the following spells:

 Your Spells              Type           Power        Failure   Level  Hunger
a - Corona                Hex            ###....      2%          1    #......
b - Ensorcelled Hibernat  Hex/Ice        ##....       12%         2    ##.....
c - Confuse               Hex            ###.....     10%         3    ###....
d - Tukima's Dance        Hex            ###.....     10%         3    ###....


Dungeon Overview and Level Annotations

Branches:
Dungeon (3/15)

Altars:


Innate Abilities, Weirdness & Mutations

You heal slowly.
You have razor-sharp teeth.
You have supernaturally acute eyesight. (SInv)
You can survive without breathing.


Message History

You hit the orc priest but do no damage.
The orc priest is severely wounded.
The orc priest hits you.
* * * LOW HITPOINT WARNING * * *
The orc hits you with a club!
* * * LOW HITPOINT WARNING * * *
The bat barely misses you.
You take 10 damage, and have 4/38 hp.
MASSIVE DAMAGE!!
You feel better. The bat misses you. The orc priest hits you.
* * * LOW HITPOINT WARNING * * *
The orc hits you but does no damage. The bat barely misses you.
The dart slug closely misses you.
You regained 3 hp, and now have 7/38 hp.
You closely miss the orc priest.
You bite the orc priest, but do no damage.
The orc priest is severely wounded.
The bat misses you.
The orc priest mumbles some strange prayers to Beogh against you.
Beogh smites you!
You die...

############# #####
#.....#.....## #....
.............## #....
...........)..# #....
..............# ####....
........?.....###.......
......ob......##........
.......@o.).............
.......w....(.#.#.#.....
......[......##(#...##..
#...........###.###..#..
######.###### #.# #.....
#. ..# #.##.. #. ### .#
#. .. #. . #. #.


You could see an orc priest, a dart slug, an orc and a bat.

Vanquished Creatures
  An orc wizard (D:3)
  Ijyb (D:2)
  Terence (D:2)
  2 adders (D:2)
  An ooze (D:3)
  2 worms (D:2)
  A dart slug (D:1)
  3 giant geckos
  4 orcs (D:3)
  6 giant cockroaches
  13 goblins
  2 hobgoblins
  6 kobolds
  A quokka (D:3)
  A ball python (D:1)
  8 bats
  3 giant newts
  3 rats
59 creatures vanquished.

Notes
Turn   | Place    | Note
--------------------------------------------------------------
     0 | D:1      | mistymad the Vampire Enchanter began the quest for the Orb.
     0 | D:1      | Reached XP level 1. HP: 13/13 MP: 3/3
   472 | D:1      | Reached XP level 2. HP: 18/20 MP: 5/5
   522 | D:1      | Learned a level 2 spell: Ensorcelled Hibernation
  1227 | D:1      | Reached skill level 1 in Fighting
  1403 | D:2      | Reached XP level 3. HP: 25/26 MP: 6/6
  1411 | D:2      | Learned a level 3 spell: Confuse
  1595 | D:2      | Noticed Terence
  1623 | D:2      | Killed Terence
  1623 | D:2      | Reached skill level 5 in Stealth
  1623 | D:2      | Reached XP level 4. HP: 31/32 MP: 4/7
  1857 | D:2      | Noticed Ijyb
  1919 | D:2      | Killed Ijyb
  1919 | D:2      | Reached skill level 5 in Hexes
  2871 | D:3      | Reached XP level 5. HP: 31/38 MP: 4/8
  2990 | D:3      | Learned a level 3 spell: Tukima's Dance
  3050 | D:3      | Killed from afar by an orc priest

Vault maps used:
D:1:      roderic_octagonal_star, st_stairs_6
D:2:      kennysheep_the_goblin_king, kennysheep_nub, uniq_terence
D:3:      serial_bayou_pond_c

Skill      XL: |  1  2  3  4 |
---------------+-------------+-----
Fighting       | 1 2 |  2.1
Short Blades   | 2 |  2.4
Stealth        | 5 |  5.6
Hexes          | 5 |  5.1
Dodging        | |  2.9
Spellcasting   | |  2.5

Action                   |  1- 3 |  4- 6 || total
-------------------------+-------+-------++-------
Melee: Dagger            |   126 |   134 ||   260
       Bite              |    15 |    16 ||    31
 Cast: Corona            |     4 |       ||     4
       Ensorcelled Hiber |     2 |       ||     2
       Confuse           |     1 |     9 ||    10
  Use: Potion            |     1 |     5 ||     6
 Stab: Sleeping          |     5 |     7 ||    12
       Confused          |     2 |     3 ||     5
Armor: Robe              |    33 |    32 ||    65
Dodge: Dodged            |    91 |   110 ||   201
